 Dungeon Crawl Stone Soup version 0.31-a0-1388-g4b2ba238e7 (webtiles) character file.

Game seed: 10667330927626094725

6563 pokeman the Thaumaturge (level 10, -1/56 HPs)
             Began as a Deep Elf Hedge Wizard on Dec 24, 2023.
             Was a Believer of Vehumet.
             Slain by a tengu warrior
             ... wielding a +1 war axe
              (5 damage)
             ... on level 8 of the Dungeon.
             The game lasted 00:21:47 (8834 turns).

pokeman the Thaumaturge (Deep Elf Hedge Wizard)     Turns: 8834, Time: 00:21:48

Health: -1/56      AC:  6    Str:  7    XL:     10   Next: 70%
Magic:  6/30       EV: 13    Int: 24    God:    Vehumet [**....]
Gold:   342        SH:  0    Dex: 14    Spells: 22/37 levels left

rFire   . . .        h - +2 dagger (venom)
rCold   . . .        (no shield)
rNeg    . . .        b - +0 robe
rPois   .            x - +0 helmet
rElec   .            y - +1 cloak {Will+}
rCorr   .            (no gloves)
SInv    .            E - +0 pair of boots
Will    ++...        (no amulet)
Stlth   ++           p - ring of wizardry
HPRegen 0.29/turn    (no ring)
MPRegen 0.22/turn

%: wizardry (x1)
@: very slightly contaminated
A: no striking features
a: Renounce Religion


You were on level 8 of the Dungeon.
You worshipped Vehumet.
Vehumet was pleased with you.
You visited 2 branches of the dungeon, and saw 10 of its levels.

You collected 342 gold pieces.

Inventory:

Hand Weapons
 c - a +3 quarterstaff of chaos
 h - a +2 dagger of venom (weapon)
 u - the +2 whip "Rehigan" {flame, rF+ rN+}
   (You found it on level 3 of the Dungeon)

   rF+:       It protects you from fire.
   rN+:       It protects you from negative energy.
Missiles
 I - 3 throwing nets
Armour
 b - a +0 robe (worn)
 x - a +0 helmet (worn)
 y - a +1 cloak of willpower (worn)
 B - the +1 cloak of Discretion {rElec Int-3 Dex+3}
   (You found it on level 5 of the Dungeon)

   Int-3:     It affects your intelligence (-3).
   Dex+3:     It affects your dexterity (+3).
   rElec:     It insulates you from electricity.
 E - a +0 pair of boots (worn)
Magical Staves
 g - a staff of fire
 m - a staff of cold
Jewellery
 p - a ring of wizardry (left hand)
 K - an amulet of faith
 L - a ring of protection from cold
Wands
 o - a wand of flame (5)
 s - a wand of mindburst (9)
 G - a wand of charming (15)
 H - a wand of quicksilver (9)
Scrolls
 a - 5 scrolls of enchant armour {unknown}
 i - 6 scrolls of identify {unknown}
 j - a scroll of torment {unknown}
 l - 3 scrolls of noise {unknown}
 n - 3 scrolls of teleportation {unknown}
 r - a scroll of acquirement {unknown}
 t - a scroll of fear {unknown}
 w - 4 scrolls of vulnerability {unknown}
 z - 2 scrolls of amnesia {unknown}
 A - 2 scrolls of fog {unknown}
 D - 2 scrolls of revelation {unknown}
 F - a scroll of blinking {unknown}
 J - a scroll of silence {unknown}
Potions
 d - a potion of magic
 e - 3 potions of might {unknown}
 f - 5 potions of curing {unknown}
 k - 4 potions of heal wounds {unknown}
 q - a potion of ambrosia {unknown}
 v - a potion of lignification {unknown}
 C - 2 potions of cancellation {unknown}
 M - a potion of berserk rage {unknown}


   Skills:
 - Level 4.0 Fighting
 + Level 3.1 Armour
 - Level 3.2 Dodging
 - Level 3.0 Stealth
 * Level 14.0 Spellcasting
 + Level 8.0 Conjurations
 - Level 1.1 Summonings
 - Level 1.1 Translocations
 + Level 7.7 Fire Magic
 - Level 1.0 Ice Magic
 - Level 1.1 Air Magic
 - Level 1.0 Alchemy
 - Level 1.3 Evocations


You had 22 spell levels left.
You knew the following spells:

 Your Spells              Type           Power      Damage    Failure   Level
a - Magic Dart            Conj           100%       1d8       1%          1
b - Mephitic Cloud        Conj/Alch/Air  33%        N/A       1%          3
c - Call Imp              Summ           44%        N/A       1%          2
d - Blink                 Tloc           44%        N/A       1%          2
e - Foxfire               Conj/Fire      100%       2x1d9     1%          1
f - Starburst             Conj/Fire      26%        6d8       9%          6

Your spell library contained the following spells:

 Spells                   Type           Power      Damage    Failure   Level
 Kiss of Death            Conj/Necr      100%       2d13      1%          1
 Shock                    Conj/Air       100%       1d9       1%          1
 Slow                     Hex            64%        N/A       1%          1
 Cigotuvi's Dreadful Rot  Necr/Alch/Air  40%        N/A       1%          2
 Lesser Beckoning         Tloc           44%        N/A       1%          2
 Dazzling Flash           Conj/Hex       72%        N/A       1%          3
 Volatile Blastmotes      Fire/Tloc      76%        2d16      1%          3
 Gell's Gravitas          Tloc           22%        N/A       2%          3
 Swiftness                Air            22%        N/A       2%          3
 Teleport Other           Tloc           22%        N/A       2%          3
 Vampiric Draining        Necr           16%        2d7       4%          3
 Airstrike                Air            11%        2d(2-18)  9%          4
 Infestation              Necr           8%         N/A       100%        8
 Maxwell's Capacitive Co  Air            11%        ∞         100%        8


Dungeon Overview and Level Annotations

Branches:
Dungeon (9/15)             Temple (1/1) D:6            Lair (0/5) D:8
    Orc: D:9-12

Altars:
Ashenzari
Dithmenos
Elyvilon
Gozag
Hepliaklqana
Makhleb
Nemelex Xobeh
Okawaru
Qazlal
Sif Muna
Trog
Vehumet
Wu Jian
Xom
Yredelemnul
Zin
The Shining One

Shops:
D:2 =   D:8 *


Message History

Your Conjurations skill increases to level 8!
Casting: Starburst (quite dangerous; 9% risk of failure)
Confirm with . or Enter, or press ? or * to list all spells.
Casting: Starburst (quite dangerous; 9% risk of failure)
Press: ? - help, Dir - look around, f - activate You miscast Starburst.
You are very lightly contaminated with residual magic.
A wave of violent energy washes through your body!
The tengu warrior is engulfed in noxious fumes.
The tengu warrior asks, "Where am I?"
The tengu warrior closely misses you.
The tengu warrior pecks you but does no damage.
The tengu warrior misses you.
Casting: Starburst (quite dangerous; 9% risk of failure)
Confirm with . or Enter, or press ? or * to list all spells.
Casting: Starburst (quite dangerous; 9% risk of failure)
Press: ? - help, Dir - look around, f - activate You miscast Starburst.
You are lightly contaminated with residual magic.
A wave of violent energy washes through your body!
* * * LOW HITPOINT WARNING * * *
The tengu warrior is engulfed in noxious fumes.
The tengu warrior appears confused.
Unknown command.
Casting: Starburst (quite dangerous; 9% risk of failure)
Confirm with . or Enter, or press ? or * to list all spells.
Casting: Starburst (quite dangerous; 9% risk of failure)
Press: ? - help, Dir - look around, f - activate Look: a tengu warrior, wielding a +1 war axe, wearing a +0 leather armour and wearing a +0 kite shield (noxious fumes, confused, 82% to hit)
The bolt of fire hits the tengu warrior!
The tengu warrior is moderately wounded.
The tengu warrior is engulfed in noxious fumes.
The tengu warrior appears confused.
Unknown command.
The tengu warrior is engulfed in noxious fumes.
The tengu warrior appears confused.
The tengu warrior hits you with a +1 war axe!
* * * LOW HITPOINT WARNING * * *
The tengu warrior pecks you.
You die...

###..#
###...............#...... ##.#
#....##...........#####
#.######....##........#.......
#......#....#..........######.
#......#....#..........###..).
#......######<.............#..
#......................#####.#
####...###########........#
#... #......# #..[@#....[..##
##... #......#
#..☼Q#....)..####..#. #......#
#.§☼§#.....#...#...#. #......#
#).○☼#......#........ #.######
#'#########.#<...###. ###
#....#....#.....## #.
#..⌠.#....#.....# #.
#.⌠..#....#.###.## ##
#....9....#..##..###.


You could see a tengu warrior (confused).

Vanquished Creatures
  An ogre mage (D:8)
  A gargoyle (D:8)
  Sigmund (D:2)
  2 yaks (D:8)
  A wyvern (D:8)
  2 steam dragons
  6 water moccasins (D:8)
  2 black bears
  3 ice beasts
  5 sky beasts
  An ogre (D:4)
  3 centaurs
  2 phantoms
  2 kobold brigands
  Blork the orc (D:5)
  5 bullfrogs
  A gnoll sergeant (D:9)
  4 scorpions
  8 wights
  14 killer bees
  2 howler monkeys
  Crazy Yiuf (D:4)
  3 jellies
  A hound (D:6)
  3 orc priests (D:8)
  4 gnoll boudas
  2 sleepcaps
  Jessica (D:2)
  An iguana (D:5)
  3 orc wizards
  An adder (D:3)
  24 gnolls
  A shadow imp (D:8)
  4 white imps
  2 ufetubi (D:6)
  A dart slug (D:3)
  11 orcs
  7 ball pythons
  7 bats
  4 endoplasms
  3 giant cockroaches
  7 goblins
  3 hobgoblins
  5 jackals (D:1)
  16 kobolds
  5 quokkas
  2 frilled lizards (D:1)
  6 rats
195 creatures vanquished.

Vanquished Creatures (collateral kills)
  12 foxfires
12 creatures vanquished.

Vanquished Creatures (others)
  723 foxfires
723 creatures vanquished.

Grand Total: 930 creatures vanquished

Notes
Turn   | Place    | Note
-------+----------+-------------------------------------------
     0 | D:1      | pokeman the Deep Elf Hedge Wizard began the quest for the
                  | Orb.
     0 | D:1      | Reached XP level 1. HP: 10/10 MP: 7/7
   154 | D:1      | Reached XP level 2. HP: 8/16 MP: 0/9
   265 | D:1      | Found a faded altar of an unknown god.
   630 | D:1      | Reached skill level 5 in Spellcasting
   807 | D:1      | Reached XP level 3. HP: 20/20 MP: 9/11
   811 | D:1      | Learned a level 3 spell: Mephitic Cloud
   814 | D:1      | Learned a level 2 spell: Call Imp
   817 | D:1      | Learned a level 2 spell: Blink
  1347 | D:2      | Noticed Jessica
  1361 | D:2      | Killed Jessica
  1362 | D:2      | Reached skill level 1 in Fighting
  1362 | D:2      | Reached skill level 1 in Armour
  1565 | D:2      | Got the Spellbook of the Sweltering Catacomb
  1568 | D:2      | Learned a level 1 spell: Foxfire
  1654 | D:2      | Found Sutum's Jewellery Boutique.
  1727 | D:2      | Found a broken altar of Ashenzari.
  1743 | D:2      | Noticed Sigmund
  1750 | D:2      | Killed Sigmund
  1751 | D:2      | Reached skill level 6 in Spellcasting
  1751 | D:2      | Reached skill level 1 in Fire Magic
  1751 | D:2      | Reached XP level 4. HP: 17/25 MP: 4/14
  1751 | D:2      | Reached XP level 5. HP: 20/29 MP: 4/15
  2429 | D:3      | Identified the +2 whip "Rehigan" {flame, rF+ rN+}
  2697 | D:4      | Noticed an ogre
  2704 | D:4      | Killed an ogre
  2705 | D:4      | Reached XP level 6. HP: 34/34 MP: 10/17
  2707 | D:4      | Reached skill level 7 in Spellcasting
  3042 | D:4      | Found a glowing golden altar of the Shining One.
  3251 | D:4      | Reached skill level 1 in Alchemy
  3754 | D:4      | Found a runed translucent door.
  3755 | D:4      | Noticed Crazy Yiuf
  3763 | D:4      | Killed Crazy Yiuf
  4033 | D:5      | Entered Level 5 of the Dungeon
  4157 | D:5      | Reached XP level 7. HP: 30/38 MP: 11/20
  4340 | D:5      | Reached skill level 1 in Ice Magic
  4457 | D:5      | Noticed a steam dragon
  4482 | D:5      | Killed a steam dragon
  4483 | D:5      | Reached skill level 8 in Spellcasting
  4483 | D:5      | Reached skill level 1 in Air Magic
  4684 | D:5      | Found an ornate altar of the Wu Jian Council.
  4697 | D:5      | Noticed Blork the orc
  4704 | D:5      | Killed Blork the orc
  4818 | D:5      | Identified the +1 cloak of Discretion {rElec Int-3 Dex+3}
  5055 | D:6      | Reached skill level 1 in Evocations
  5111 | D:6      | Found a white marble altar of Elyvilon.
  5142 | D:6      | Reached XP level 8. HP: 43/43 MP: 14/22
  5149 | D:6      | Reached skill level 9 in Spellcasting
  5405 | D:6      | Reached skill level 5 in Conjurations
  5467 | D:6      | Found a bloodstained altar of Trog.
  5725 | D:6      | Found a staircase to the Ecumenical Temple.
  5735 | Temple   | Entered the Ecumenical Temple
  5750 | D:6      | Reached skill level 10 in Spellcasting
  5840 | D:6      | Found an iron altar of Okawaru.
  5843 | D:6      | Found a hazy altar of Hepliaklqana.
  5855 | D:6      | Found a radiant altar of Vehumet.
  5858 | D:6      | Found a shimmering altar of Xom.
  5863 | D:6      | Became a worshipper of Vehumet
  6176 | D:7      | Reached skill level 5 in Fire Magic
  6309 | D:7      | Learned a level 6 spell: Starburst
  6469 | D:7      | Reached XP level 9. HP: 48/48 MP: 22/25
  6795 | D:7      | Reached skill level 11 in Spellcasting
  7096 | D:7      | Reached * piety under Vehumet
  7096 | D:7      | Offered knowledge of Sting by Vehumet.
  7391 | D:8      | Reached skill level 12 in Spellcasting
  7645 | D:8      | Found a staircase to the Lair.
  7652 | D:8      | Reached XP level 10. HP: 56/56 MP: 23/28
  7965 | D:8      | Found Irykkawem's Fire Supplies.
  8154 | D:8      | Reached skill level 13 in Spellcasting
  8230 | D:8      | Offered knowledge of Kiss of Death by Vehumet.
  8316 | D:9      | Reached ** piety under Vehumet
  8717 | D:8      | Noticed a gargoyle
  8718 | D:8      | Noticed a tengu warrior
  8718 | D:8      | Noticed an ogre mage
  8734 | D:8      | Killed an ogre mage
  8830 | D:8      | Killed a gargoyle
  8831 | D:8      | Reached skill level 14 in Spellcasting
  8834 | D:8      | Slain by a tengu warrior

Illustrated notes

Levels and vault maps discovered:
D:1:      spicycebolla_arrival_xxxplode, layout_basic,
          hellmonk_ecumenical_altar_dog_temple, minivault_14,
          amcnicky_mini_corridor_feature, minivault_14
D:2:      layout_basic, basic_altar, serial_shops, nicolae_shop_gibbet_a_chance,
          uniq_jessica, uniq_sigmund
D:3:      layout_rooms
D:4:      layout_layer_cave, mainiacjoe_overflow_boulevard,
          uniq_crazy_yiuf_cottage
D:5:      layout_loops_cross, nicolae_wu_jian_wuxing_cycle, fountainhead,
          uniq_blork_the_orc
D:6:      layout_loops_cross, mainiacjoe_overflow_brackets,
          grunt_temple_overflow_open, mainiacjoe_overflow_cross_hatched,
          minmay_temple_entry_trees, nicolae_elevator_lobby_asterisk
D:7:      layout_basic
D:8:      minmay_klotski, layout_rooms, due_lair_maze_entry_diamond,
          nicolae_shop_fire_sale [nicolae_sub_dead_trees]
D:9:      layout_loops_ring, mainiacjoe_overflow_surrounded_room,
          nicolae_overflow_crystal_walls, uniq_jeremiah
Temple:   compressed_dpeg_triangle_lava_temple

Skill      XL: |  1  2  3  4  5  6  7  8  9 10 |
---------------+-------------------------------+-----
Spellcasting   | 5 6 7 8 10 12 14 | 14.0
Fighting       | 1 2 3 4 |  4.0
Armour         | 1 2 3 |  3.1
Conjurations   | 2 3 4 5 7 8 |  8.0
Dodging        | 3 |  3.2
Fire Magic     | 1 2 3 5 6 7 |  7.7
Stealth        | 3 |  3.0
Alchemy        | 1 |  1.0
Ice Magic      | 1 |  1.0
Air Magic      | 1 |  1.1
Evocations     | 1 |  1.3
Summonings     | |  1.1
Translocations | |  1.1

Action                     |  1- 3 |  4- 6 |  7- 9 | 10-12 || total
---------------------------+-------+-------+-------+-------++-------
  Melee: Dagger            |    14 |     7 |    82 |    30 ||   133
         Punch             |       |       |     3 |       ||     3
   Cast: Magic Dart        |    67 |       |     3 |       ||    70
         Foxfire           |     8 |    86 |   220 |   102 ||   416
         Mephitic Cloud    |       |     1 |    19 |     8 ||    28
         Call Imp          |       |       |     2 |     1 ||     3
         Blink             |       |       |     1 |     3 ||     4
         Starburst         |       |       |       |     5 ||     5
   Stab: Sleeping          |     1 |       |       |       ||     1
         Confused          |       |       |    12 |     2 ||    14
 Armour: Robe              |    15 |     3 |    46 |    44 ||   108
  Dodge: Dodged            |    20 |     7 |    83 |    48 ||   158

Table legend: (Time is in decaauts)
 A = Elapsed time spent in this place.
 B = Non-inter-level travel time spent in this place.
 C = Inter-level travel time spent in this place.
 D = Time resting spent in this place.
 E = Time spent auto-exploring this place.
 F = Levels seen in this place.
 G = Mean time per level.
                   A        B        C        D        E       F      G
               +--------+--------+--------+--------+--------+-----+--------+
         Total |   8837 |   8516 |    321 |    251 |   6941 |  10 |  883.7 |
       Dungeon |   8835 |   8514 |    321 |    251 |   6941 |   9 |  981.7 |
        Temple |      1 |      1 |      0 |      0 |      0 |   1 |    1.0 |
               +--------+--------+--------+--------+--------+-----+--------+

Top non-repeatable levels by time:
     D:4: 1357 daAuts
     D:1: 1294 daAuts
     D:8: 1205 daAuts
     D:7: 1142 daAuts
     D:6: 1095 daAuts
     D:5: 952 daAuts
     D:2: 701 daAuts
     D:3: 678 daAuts
     D:9: 408 daAuts
  Temple: 1 daAuts
